 Dungeon Crawl Stone Soup version 0.28-b1-1-g3c77fb2ed1 (webtiles) character file.

Game seed: 7941192227713610467

157 iwittbrodt the Covert (level 5, -12/43 HPs)
             Began as a Gnoll Wanderer on Jan 28, 2022.
             Was an Initiate of the Shining One.
             Mangled by an ogre (21 damage)
             ... on level 4 of the Dungeon on Jan 30, 2022.
             The game lasted 00:17:21 (4165 turns).

iwittbrodt the Covert (Gnoll Wanderer)              Turns: 4165, Time: 00:17:22

Health: -12/43     AC:  7    Str: 10    XL:     5   Next: 38%
Magic:  9/9        EV:  8    Int:  9    God:    the Shining One [......]
Gold:   239        SH:  5    Dex: 17    Spells: 6/10 levels left

rFire   . . .      SeeInvis .   a - +1 dagger
rCold   + . .      Faith    .   d - +0 buckler
rNeg    . . .      Spirit   .   h - +0 scale mail {rC+}
rPois   .          Reflect  .   s - +0 helmet
rElec   .          Harm     .   (no cloak)
rCorr   +          Rampage  .   (no gloves)
Will    .....                   (no boots)
Stlth   ++........              (no amulet)
HPRegen 0.14/turn               f - ring of resist corrosion
MPRegen 0.11/turn               (no ring)

@: glowing
A: fangs 1, strong nose, distributed training
a: Renounce Religion


You were on level 4 of the Dungeon.
You worshipped the Shining One.
The Shining One was noncommittal.
You visited 1 branch of the dungeon, and saw 4 of its levels.

You collected 239 gold pieces.

Inventory:

Hand Weapons
 a - a +1 dagger (weapon)
 l - a +2 war axe of flaming
 n - a +0 hunting sling
Missiles
 g - 38 arrows
 o - 15 bolts
 u - 16 stones (quivered)
Armour
 d - a +0 buckler (worn)
 h - a +0 scale mail of cold resistance (worn)
 s - a +0 helmet (worn)
 t - a +0 chain mail
Jewellery
 f - a ring of resist corrosion (left hand)
 j - a ring of flight
Wands
 e - a wand of acid (7)
 w - a wand of mindburst (19)
Scrolls
 k - a scroll of amnesia
Potions
 i - a potion of berserk rage
 m - a potion of resistance {unknown}
 p - a potion of cancellation {unknown}
 q - a potion of curing {unknown}
 r - 2 potions of haste
 v - a potion of lignification


   Skills:
 + Level 4.8 Fighting
 + Level 1.4 Short Blades
 + Level 1.4 Long Blades
 + Level 1.4 Axes
 + Level 1.4 Maces & Flails
 + Level 1.4 Polearms
 + Level 1.4 Staves
 + Level 1.4 Slings
 + Level 1.4 Bows
 + Level 1.4 Crossbows
 + Level 1.4 Throwing
 + Level 1.4 Armour
 + Level 1.4 Dodging
 + Level 9.7 Stealth
 + Level 4.8 Shields
 + Level 1.4 Unarmed Combat
 + Level 3.1 Spellcasting
 + Level 1.1 Conjurations
 + Level 1.1 Hexes
 + Level 1.1 Summonings
 + Level 1.1 Necromancy
 + Level 1.1 Translocations
 + Level 1.1 Transmutations
 + Level 1.1 Fire Magic
 + Level 1.1 Ice Magic
 + Level 1.1 Air Magic
 + Level 1.1 Earth Magic
 + Level 1.1 Poison Magic
 + Level 1.6 Invocations
 + Level 1.4 Evocations


You had 6 spell levels left.
You knew the following spells:

 Your Spells              Type           Power      Damage    Failure   Level
a - Olgreb's Toxic Radia  Pois           3%         N/A       100%        4

Your spell library contained the following spells:

 Spells                   Type           Power      Damage    Failure   Level
 Animate Armour           Summ/Erth      6%         N/A       100%        4
 Borgnjor's Vile Clutch   Necr/Erth      1%         N/A       100%        5
 Lee's Rapid Deconstruct  Erth           1%         3d5*      100%        5


Dungeon Overview and Level Annotations

Branches:
Dungeon (4/15)
 Temple: D:4-7

Altars:
The Shining One

Annotations:
D:2 1 runed translucent door, Crazy Yiuf


Innate Abilities, Weirdness & Mutations

You have very sharp teeth.
Your uncanny sense of smell can sniff out nearby items.
Your experience applies equally to all skills.


Message History

Press: ? - help, Q - select action, (/) - cycle Shift-Dir - straight line, f/p - ogre
Aim: an ogre, wielding a +0 giant spiked club (lightly wounded, 76% to hit, chance to blind on hit: 73%)
You throw an atropa-tipped dart. The atropa-tipped dart hits the ogre.
The ogre appears confused.
The ogre is lightly wounded.
You hit the ogre. You bite the ogre.
The ogre is moderately wounded.
The ogre barely misses you.
The ogre seems less confused.
You hit the ogre.
The ogre is moderately wounded.
The ogre closely misses you.
You hit the ogre.
The ogre is moderately wounded.
The ogre completely misses you.
You hit the ogre but do no damage. You bite the ogre.
The ogre is moderately wounded.
The ogre is no longer blind.
You barely miss the ogre.
The ogre is moderately wounded.
The ogre hits you with a +0 giant spiked club.
Throw: dart (datura)
Press: ? - help, Q - select action, (/) - cycle Shift-Dir - straight line, f/p - ogre
Aim: an ogre, wielding a +0 giant spiked club (moderately wounded, 76% to hit, chance to frenzy on hit: 75%)
You throw a datura-tipped dart. The datura-tipped dart hits the ogre.
The ogre flies into a frenzy!
The ogre is moderately wounded.
The ogre hits you with a +0 giant spiked club.
You hit the ogre. You bite the ogre.
The ogre is heavily wounded.
The ogre hits you with a +0 giant spiked club!!
Ouch! That really hurt!
* * * LOW HITPOINT WARNING * * *
You hit the ogre.
The ogre is severely wounded.
The ogre misses you. The ogre closely misses you.
The ogre shouts!
The ogre hits you with a +0 giant spiked club!!
You die...

#.# #.# #.# ##.###
#....##
#..#..###########
#..<.#.!........#
....###.#######.####
#..## ##.# #...@..#
#...###>## #.#O##.#
##.#.#.## #.#.##.#
#.##.## # #.##.#
##'#### #.#(##.#
#.).## #.#.##.#
.....## ##.#.##.##
..†...# ##...>....#
.......####....(###.#


You could see a neutral ogre (fast, strong, insane).

Vanquished Creatures
  Jessica (D:2)
  A gnoll (D:1)
  3 adders
  An adder skeleton (D:4)
  A worm (D:3)
  A dart slug (D:1)
  5 orcs
  6 bats
  10 endoplasms
  4 giant cockroaches
  8 hobgoblins
  4 jackals (D:2)
  7 kobolds
  3 quokkas
  6 ball pythons
  3 frilled lizards
  6 goblins
  6 rats
76 creatures vanquished.

Vanquished Creatures (others)
  A plant (D:2)
1 creature vanquished.

Grand Total: 77 creatures vanquished

Notes
Turn   | Place    | Note
-------+----------+-------------------------------------------
     0 | D:1      | Reached skill level 9 in Stealth
     0 | D:1      | iwittbrodt the Gnoll Wanderer began the quest for the Orb.
     0 | D:1      | iwittbrodt set off with the following items: a +1 dagger, 2
                  | atropa-tipped darts, a datura-tipped dart, a +0 buckler, a
                  | +0 robe
     0 | D:1      | Reached XP level 1. HP: 20/20 MP: 4/4
   165 | D:1      | Reached XP level 2. HP: 12/26 MP: 5/5
   794 | D:1      | Reached XP level 3. HP: 22/31 MP: 7/7
  1185 | D:2      | Reached skill level 1 in Invocations
  1440 | D:2      | Noticed Jessica
  1443 | D:2      | Reached skill level 1 in Short Blades
  1443 | D:2      | Reached skill level 1 in Long Blades
  1443 | D:2      | Reached skill level 1 in Axes
  1443 | D:2      | Reached skill level 1 in Maces & Flails
  1443 | D:2      | Reached skill level 1 in Polearms
  1443 | D:2      | Reached skill level 1 in Staves
  1443 | D:2      | Reached skill level 1 in Slings
  1443 | D:2      | Reached skill level 1 in Bows
  1443 | D:2      | Reached skill level 1 in Crossbows
  1443 | D:2      | Reached skill level 1 in Throwing
  1443 | D:2      | Reached skill level 1 in Armour
  1443 | D:2      | Reached skill level 1 in Dodging
  1443 | D:2      | Reached skill level 1 in Unarmed Combat
  1443 | D:2      | Reached skill level 1 in Evocations
  1589 | D:2      | Killed Jessica
  1590 | D:2      | Reached XP level 4. HP: 26/38 MP: 8/8
  1712 | D:2      | Found a runed translucent door.
  1713 | D:2      | Noticed Crazy Yiuf
  1833 | D:2      | Reached skill level 1 in Conjurations
  1833 | D:2      | Reached skill level 1 in Hexes
  1833 | D:2      | Reached skill level 1 in Summonings
  1833 | D:2      | Reached skill level 1 in Necromancy
  1833 | D:2      | Reached skill level 1 in Translocations
  1833 | D:2      | Reached skill level 1 in Transmutations
  1833 | D:2      | Reached skill level 1 in Fire Magic
  1833 | D:2      | Reached skill level 1 in Ice Magic
  1833 | D:2      | Reached skill level 1 in Air Magic
  1833 | D:2      | Reached skill level 1 in Earth Magic
  1833 | D:2      | Reached skill level 1 in Poison Magic
  2109 | D:2      | Found a faded altar of an unknown god.
  2887 | D:3      | Reached XP level 5. HP: 43/43 MP: 9/9
  3144 | D:3      | Got Sif Muna's Reference Book on the Vitriolic Mountains
  3150 | D:3      | Learned a level 4 spell: Olgreb's Toxic Radiance
  3781 | D:4      | Found a glowing golden altar of the Shining One.
  3805 | D:4      | Became a worshipper of the Shining One
  4142 | D:4      | Noticed an ogre
  4165 | D:4      | Mangled by an ogre

Illustrated notes

Levels and vault maps discovered:
D:1:      dpeg_arrival_court, layout_basic, ebering_dispersal_statue_hall
D:2:      cheibrodos_old_hovel, layout_basic, ebering_ecumenical_altar_hall,
          uniq_jessica, uniq_crazy_yiuf_cottage
D:3:      layout_loops_ring
D:4:      layout_loops_corners, mainiacjoe_overflow_concentric_impassable

Skill      XL: |  1  2  3  4 |
---------------+-------------+-----
Stealth        | |  9.7
Invocations    | 1 |  1.6
Short Blades   | 1 |  1.4
Long Blades    | 1 |  1.4
Axes           | 1 |  1.4
Maces & Flails | 1 |  1.4
Polearms       | 1 |  1.4
Staves         | 1 |  1.4
Slings         | 1 |  1.4
Bows           | 1 |  1.4
Crossbows      | 1 |  1.4
Throwing       | 1 |  1.4
Armour         | 1 |  1.4
Dodging        | 1 |  1.4
Unarmed Combat | 1 |  1.4
Evocations     | 1 |  1.4
Spellcasting   | 3 |  3.1
Conjurations   | 1 |  1.1
Hexes          | 1 |  1.1
Summonings     | 1 |  1.1
Necromancy     | 1 |  1.1
Translocations | 1 |  1.1
Transmutations | 1 |  1.1
Fire Magic     | 1 |  1.1
Ice Magic      | 1 |  1.1
Air Magic      | 1 |  1.1
Earth Magic    | 1 |  1.1
Poison Magic   | 1 |  1.1
Fighting       | |  4.8
Shields        | |  4.8

Action                   |  1- 3 |  4- 6 || total
-------------------------+-------+-------++-------
Melee: Dagger            |    73 |   189 ||   262
       Bite              |     7 |    21 ||    28
Throw: Dart              |     4 |     4 ||     8
  Use: Scroll            |       |     7 ||     7
 Stab: Sleeping          |    12 |    16 ||    28
       Invisible         |     1 |       ||     1
       Distracted        |     1 |       ||     1
Armor: Robe              |     8 |    11 ||    19
       Ring mail         |       |    22 ||    22
       Scale mail        |       |     6 ||     6
Dodge: Dodged            |    36 |    72 ||   108
Block: Buckler           |     9 |    40 ||    49
